 Dungeon Crawl Stone Soup version 0.22.1 (webtiles) character file.

171073 Torikoriko the Unseen (level 17, -2/146 HPs)
             Began as a Vampire Assassin on Sept 17, 2018.
             Was an Elder of Uskayaw.
             Slain by a nagaraja
             ... wielding a cursed -3 spear
              (4 damage)
             ... on level 4 of the Snake Pit.
             The game lasted 04:20:39 (76666 turns).

Torikoriko the Unseen (Vampire Assassin)           Turns: 76666, Time: 04:20:40

Health: -2/146     AC: 14    Str: 12    XL:     17   Next: 38%
Magic:  23/23      EV: 16    Int: 19    God:    Uskayaw [****..]
Gold:   1402       SH: 15    Dex: 18    Spells: 12/16 levels left

rFire    + + .     SeeInvis +   a - +6 quick blade (venom)
rCold    + . .     Gourm    .   Y - +4 shield {rF+}
rNeg     + + +     Faith    .   F - +1 leather armour "Ymoch" {rElec rN+ Int+3}
rPois    +         Spirit   .   T - +2 helmet
rElec    +         Reflect  .   d - +1 cloak
rCorr    +         Harm     .   W - +0 pair of gloves of Ymairust {rPois rN+ MR+ rCorr}
MR       ++...                  D - +2 pair of boots
Stlth    +++++++++.             A - amulet of the acrobat
HPRegen  0.17/turn              Z - ring of protection from fire
MPRegen  0.18/turn              p - +3 ring of slaying

@: lethally poisoned (-2 -> -4), regenerating slowly, constricted
A: fangs 3, see invisible, unbreathing
a: Bat Form, Stomp, Line Pass, Renounce Religion


You were on level 4 of the Snake Pit.
You worshipped Uskayaw.
Uskayaw was aware of your devotion.
You were near bloodless.

You visited 4 branches of the dungeon, and saw 27 of its levels.
You also visited: Ice Cave and Volcano.

You collected 2858 gold pieces.
You spent 1456 gold pieces at shops.

Inventory:

Hand Weapons
 a - a +6 quick blade of venom (weapon)
 w - a +0 blowgun
Missiles
 f - 5 curare-tipped needles {!f}
 m - 455 stones (quivered)
 r - 2 needles of frenzy
 t - 10 poisoned needles
Armour
 d - a +1 cloak (worn)
 C - a +4 plate armour of poison resistance
 D - a +2 pair of boots (worn)
 F - the +1 leather armour "Ymoch" (worn) {rElec rN+ Int+3}
   (You bought it in a shop on level 5 of the Dungeon)

   It affects your intelligence (+3).
   It insulates you from electricity.
   It protects you from negative energy.
 T - a +2 helmet (worn)
 W - the +0 pair of gloves of Ymairust (worn) {rPois rN+ MR+ rCorr}
   (You bought it in a shop on level 13 of the Dungeon)

   It protects you from poison.
   It protects you from negative energy.
   It affects your resistance to hostile enchantments.
   It provides partial protection from all sources of acid and corrosion.
 Y - a +4 shield of fire resistance (worn)
Jewellery
 p - a +3 ring of slaying (right hand)
 y - an uncursed ring of protection from magic
 A - an amulet of the acrobat (around neck)
 Z - a ring of protection from fire (left hand)
Wands
 j - a wand of polymorph (10)
 n - a wand of paralysis (40)
 u - a wand of disintegration (11)
 B - a wand of iceblast (17)
 K - a wand of enslavement (23)
 M - a wand of scattershot (6)
 U - a wand of digging (35)
 V - a wand of flame (70)
Scrolls
 c - a scroll of blinking
 e - 2 scrolls of identify
 l - 11 scrolls of remove curse
 o - 13 scrolls of teleportation
 s - 5 scrolls of magic mapping
 v - 2 scrolls of enchant weapon
 G - 2 scrolls of fear
 H - 5 scrolls of fog
 J - a scroll of amnesia
 L - a scroll of acquirement
Potions
 b - 4 potions of heal wounds
 g - 3 potions of cancellation
 h - 2 potions of haste
 i - a potion of berserk rage
 q - 52 potions of blood
 x - 9 potions of curing
 z - 5 potions of agility
 E - 4 potions of might
 P - 4 potions of invisibility
 Q - a potion of resistance
 X - a potion of magic
Miscellaneous
 k - a lamp of fire
 I - a fan of gales
 S - a phial of floods


   Skills:
 + Level 16.7 Fighting
 - Level 12.0 Short Blades
 - Level 1.5 Throwing
 - Level 5.0 Armour
 + Level 11.4 Dodging
 - Level 20.6 Stealth
 - Level 10.0 Shields
 - Level 8.6 Invocations
 - Level 5.0 Evocations


You had 12 spell levels left.
You knew the following spells:

 Your Spells              Type           Power        Failure   Level  Hunger
a - Blink                 Tloc           N/A          58%         2    ###....
b - Ensorcelled Hibernat  Hex/Ice        #.....       58%         2    ###....

Your spell library contained the following spells:

 Spells                   Type           Power        Failure   Level  Hunger
 Confusing Touch          Hex            #.....       45%         1    ##.....
 Corona                   Hex            #......      45%         1    ##.....
 Magic Dart               Conj           #...         45%         1    ##.....
 Call Imp                 Summ           #.......     58%         2    ###....
 Shroud of Golubria       Chrm/Tloc      #.........   58%         2    ###....
 Slow                     Hex            #.......     58%         2    ###....
 Song of Slaying          Chrm           #.......     58%         2    ###....
 Throw Frost              Conj/Ice       #.....       58%         2    ###....
 Confuse                  Hex            #.......     83%         3    ####...
 Conjure Flame            Conj/Fire      #.......     83%         3    ####...
 Gell's Gravitas          Tloc           #.........   83%         3    ####...
 Inner Flame              Hex/Fire       #.......     83%         3    ####...
 Mephitic Cloud           Conj/Pois/Air  #.......     83%         3    ####...
 Portal Projectile        Hex/Tloc       #.....       83%         3    ####...
 Regeneration             Chrm/Necr      #.........   83%         3    ####...
 Spectral Weapon          Hex/Chrm       #.......     83%         3    ####...
 Cause Fear               Hex            #.........   99%         4    #####..
 Leda's Liquefaction      Hex/Erth       #.........   99%         4    #####..
 Petrify                  Tmut/Erth      #.......     99%         4    #####..
 Throw Icicle             Conj/Ice       #.......     99%         4    #####..
 Bolt of Magma            Conj/Fire/Erth #.........   100%        5    ######.
 Borgnjor's Vile Clutch   Necr/Erth      #.........   100%        5    ######.
 Irradiate                Conj/Tmut      #.........   100%        5    ######.
 Metabolic Englaciation   Hex/Ice        #.........   100%        5    ######.
 Silence                  Hex/Air        #.........   100%        5    ######.
 Yara's Violent Unravell  Hex/Tmut       #.........   100%        5    ######.
 Darkness                 Hex            #.........   100%        6    #######
 Hydra Form               Tmut           #.........   100%        6    #######
 Iron Shot                Conj/Erth      #.........   100%        6    #######
 Shadow Creatures         Summ           N/A          100%        6    #######
 Statue Form              Tmut/Erth      #........    100%        6    #######
 Dragon Form              Tmut           #.........   100%        7    #######
 Shatter                  Erth           #.........   100%        9    #######


Dungeon Overview and Level Annotations

Branches:
Dungeon (15/15)            Temple (0/1) D:7            Lair (6/6) D:9
 Shoals (0/4) Lair:2        Snake (4/4) Lair:3        Slime (0/5) Lair:6
    Orc (2/2) D:9             Elf (0/3) Orc:2        Depths (0/5) D:15
 Vaults: D:13-14

Altars:
Dithmenos
Kikubaaqudgha
Makhleb
Okawaru
Ru
Trog
Uskayaw
Vehumet
Xom
Yredelemnul
Beogh

Shops:
D:5 [=   D:9 ?[[=}   D:11 =[%((   D:13 :?[   D:14 *%[   Orc:2 :![:   Snake:2 !?

Annotations:
D:2 exclusion: downstairs
Lair:6 3 runed doors, Jaiteiro's ghost, journeyman GnFi
Snake:2 exclusion: Roxanne, Roxanne


Innate Abilities, Weirdness & Mutations

You heal slowly.
You have razor-sharp teeth.
You have supernaturally acute eyesight. (SInv)
You can survive without breathing.


Message History

The nagaraja constricts you.
Press: ? - help, v - describe, . - travel, g - get item
Here: a nagaraja, wielding an enchanted spear and wearing a robe (severely A vampiric dagger.
There is something else lying underneath.
The floor, spattered with blood.
You puncture the nagaraja!
The nagaraja is almost dead.
You hit the nagaraja.
The nagaraja is almost dead.
You block the nagaraja's attack. The nagaraja constricts you.
You puncture the nagaraja!
The nagaraja looks as sick as possible!
The nagaraja is almost dead.
You hit the nagaraja.
The nagaraja looks as sick as possible!
The nagaraja is almost dead.
The nagaraja casts a spell at you. The orb of energy hits you!
* * * LOW HITPOINT WARNING * * *
The orb of energy explodes!
You die...

####### #.##..### #.......####
##........... #............
###########..........
#..)@)....#..........
##..N#§..).#..........
##...##≈≈.(.#.....)....
###...##§≈≈.(##..........
N..######((..##≈≈≈..##..########.
....N.....(.##≈§≈..##...#......'.
#.......(.)##≈≈≈..##....#.#...##.
###....(.###≈§§.)##.....#'....#..
≈§########≈§≈...##....[.##....#..


You could see a nagaraja.

Vanquished Creatures
  Saint Roka (Snake:3)
  5 nagarajas
  Nessos (D:15)
  Snorg (Lair:5)
  4 ogre magi
  Fannar (Lair:2)
  3 hydras
  15 naga warriors
  2 centaur warriors
  10 anacondas
  2 catoblepae
  7 two-headed ogres
  11 death yaks
  An orc high priest (Orc:1)
  7 shock serpents
  21 naga sharpshooters
  Nergalle (Orc:2)
  3 salamander mystics
  A sixfirhy (Lair:6)
  3 unseen horrors
  3 naga ritualists
  A wizard (Lair:6)
  3 lindwurms (Snake:4)
  3 orc knights
  Pikel (D:5)
  3 mana vipers
  9 orc sorcerers
  4 cyclopes
  2 deep elf magi (D:15)
  10 ugly things
  15 salamanders
  4 guardian serpents
  2 centaur zombies
  An ice statue (IceCv)
  20 naga magi
  6 gargoyles
  8 elephants
  31 black mambas
  Psyche (D:8)
  13 spiny frogs
  5 centaur skeletons
  An efreet (D:15)
  6 rime drakes
  A redback zombie (D:11)
  4 komodo dragons
  2 yaktaurs
  2 red devils (Volcano)
  A troll (D:14)
  A harpy zombie (D:15)
  2 tengu conjurers (D:14)
  3 meliai
  2 queen bees
  14 polar bears
  Prince Ribbit (D:8)
  4 blink frogs (Lair:3)
  13 hippogriffs
  12 dream sheep
  2 shadows
  2 wraiths (D:10)
  A wyvern (Lair:4)
  A fire bat (shapeshifter) (D:14)
  2 basilisks
  54 yaks
  2 hungry ghosts
  Menkaure (D:5)
  A steam dragon (D:12)
  3 vampire mosquitoes (D:13)
  6 wargs
  54 nagas
  A soldier ant (D:10)
  15 water moccasins
  A soldier ant (shapeshifter) (D:13)
  9 porcupines
  12 ice beasts
  38 orc warriors
  A black bear (Lair:2)
  5 sky beasts
  2 necrophages
  3 phantoms
  30 wolves
  17 ogres
  3 centaurs
  14 crocodiles
  3 big kobolds
  23 bullfrogs
  A gnoll sergeant (D:10)
  A wyvern zombie (D:14)
  2 wyvern skeletons
  4 scorpions
  A troll zombie (D:15)
  7 wights
  46 killer bees
  2 howler monkeys
  5 crimson imps
  A bullfrog zombie (D:11)
  3 jellies
  7 hounds
  29 orc priests
  2 human zombies (D:15)
  A bullfrog skeleton (D:12)
  Crazy Yiuf (D:6)
  39 orc wizards
  Jessica (D:3)
  2 human skeletons (D:15)
  2 iguanas
  6 hell rats
  11 worker ants
  An ogre zombie (D:15)
  An ogre skeleton (D:15)
  A hound zombie (D:11)
  2 mummies (D:15)
  A worker ant zombie (D:7)
  8 gnolls
  9 adders
  5 shadow imps
  3 adder skeletons
  A worm (D:4)
  2 leopard geckos
  122 orcs
  5 giant cockroaches
  3 goblins (D:2)
  9 hobgoblins
  18 jackals
  A quokka (D:7)
  3 ball pythons
  3 bats
  6 frilled lizards
  19 kobolds
  A leopard gecko skeleton (D:3)
  A quokka skeleton (D:8)
  A quokka zombie (D:4)
  5 rats
  A fungus (Lair:6)
  A plant (Lair:3)
1027 creatures vanquished.

Vanquished Creatures (others)
  4 polar bears (IceCv)
  4 wolves (IceCv)
  An orc wizard (Orc:2)
  10 fungi
  3 plants (Lair:4)
  9 withered plants (D:15)
31 creatures vanquished.

Grand Total: 1058 creatures vanquished

Notes
Turn   | Place    | Note
-------+----------+-------------------------------------------
     0 | D:1      | Torikoriko the Vampire Assassin began the quest for the
                  | Orb.
     0 | D:1      | Reached XP level 1. HP: 16/16 MP: 1/1
     2 | D:1      | Noticed a gargoyle
     2 | D:1      | Noticed a spriggan
     4 | D:1      | Noticed an elf
     4 | D:1      | Noticed a troll
     6 | D:1      | Noticed a vampire
     6 | D:1      | Noticed a human
     8 | D:1      | Noticed a felid
     8 | D:1      | Noticed a tengu
    10 | D:1      | Noticed a draconian
    10 | D:1      | Noticed a centaur
    14 | D:1      | Noticed a vine stalker
    14 | D:1      | Noticed a dwarf
    16 | D:1      | Noticed a formicid
    18 | D:1      | Noticed a demonspawn
    18 | D:1      | Noticed a minotaur
    20 | D:1      | Noticed an ogre
    20 | D:1      | Noticed a demigod
    22 | D:1      | Noticed a merfolk
    22 | D:1      | Noticed a ghoul
    24 | D:1      | Noticed a naga
    24 | D:1      | Noticed an octopode
    26 | D:1      | Noticed a halfling
    48 | D:1      | Reached skill level 6 in Stealth
   268 | D:1      | Reached XP level 2. HP: 22/22 MP: 2/2
   897 | D:2      | Reached XP level 3. HP: 27/27 MP: 3/3
  2798 | D:3      | Noticed a big kobold
  2801 | D:3      | Killed a big kobold
  2801 | D:3      | Reached skill level 7 in Stealth
  2801 | D:3      | Reached XP level 4. HP: 35/35 MP: 4/4
  3024 | D:3      | HP: 1/35 [gnoll/spear (8)]
  3963 | D:3      | Reached XP level 5. HP: 41/41 MP: 5/5
  4334 | D:3      | Found a shimmering altar of Xom.
  4511 | D:3      | Noticed an orc warrior
  5168 | D:4      | Noticed an ogre
  5175 | D:4      | Killed an ogre
  5213 | D:4      | Noticed an ogre
  5277 | D:4      | Reached skill level 8 in Stealth
  6049 | D:4      | Reached XP level 6. HP: 28/47 MP: 6/6
  7673 | D:3      | Killed an orc warrior
  7673 | D:3      | Reached skill level 5 in Short Blades
  7673 | D:3      | Reached XP level 7. HP: 40/54 MP: 4/7
  7769 | D:3      | Noticed Jessica
  7826 | D:3      | Killed Jessica
  7962 | D:3      | Reached skill level 9 in Stealth
  8069 | D:5      | Entered Level 5 of the Dungeon
  8073 | D:5      | Noticed Menkaure
  8076 | D:5      | Killed Menkaure
  8399 | D:5      | Noticed Pikel
  8460 | D:5      | Killed Pikel
  8460 | D:5      | Reached skill level 5 in Fighting
  8460 | D:5      | Reached skill level 10 in Stealth
  8460 | D:5      | Reached XP level 8. HP: 45/63 MP: 5/8
  8479 | D:5      | Found a hide-covered altar of Uskayaw.
  8486 | D:5      | Became a worshipper of Uskayaw the Reveler
  8517 | D:5      | Found Hempeuh's Antique Armour Shoppe.
  8581 | D:5      | Found Jukitel's Jewellery Emporium.
  8591 | D:5      | Reached * piety under Uskayaw
  8604 | D:5      | Reached ** piety under Uskayaw
  8704 | D:5      | Reached skill level 11 in Stealth
  8931 | D:5      | Bought a brightly glowing leather armour for 175 gold
                  | pieces
  8942 | D:5      | Identified the +1 leather armour "Ymoch" {rElec rN+ Int+3}
                  | (You bought it in a shop on level 5 of the Dungeon)
  9307 | D:6      | Found a runed door.
 10052 | D:6      | Noticed Crazy Yiuf
 10059 | D:6      | Killed Crazy Yiuf
 10711 | D:6      | Reached *** piety under Uskayaw
 10717 | D:6      | Reached XP level 9. HP: 65/71 MP: 6/9
 11190 | D:7      | Reached skill level 12 in Stealth
 11202 | D:7      | Found a shadowy altar of Dithmenos.
 11202 | D:7      | Found a sacrificial altar of Ru.
 11207 | D:7      | Found a burning altar of Makhleb.
 11209 | D:7      | Found a faded altar of an unknown god.
 11211 | D:7      | Found a faded altar of an unknown god.
 11328 | D:7      | Found a staircase to the Ecumenical Temple.
 11636 | D:7      | Got a crude short sword
 11637 | D:7      | Identified the +8 short sword "Ofifimec" {pain, rElec rC-
                  | rN+ Stlth+} (You found it on level 7 of the Dungeon)
 12359 | D:8      | Noticed Prince Ribbit
 12366 | D:8      | Killed Prince Ribbit
 12381 | D:8      | Found a hide-covered altar of Uskayaw.
 12564 | D:8      | Reached skill level 13 in Stealth
 12568 | D:8      | Reached **** piety under Uskayaw
 12747 | D:8      | Noticed Psyche
 13223 | D:8      | Killed Psyche
 13340 | D:9      | Noticed a two-headed ogre
 13344 | D:9      | Killed a two-headed ogre
 13344 | D:9      | Reached XP level 10. HP: 80/80 MP: 10/10
 13386 | D:9      | Found Sinin's Jewellery Emporium.
 13461 | D:9      | Found a staircase to the Lair.
 13479 | D:9      | Found Peagenen's Armour Shop.
 13654 | D:9      | Found Okkaos's Gadget Emporium.
 13702 | D:9      | Found Boosmy's Armour Shoppe.
 13715 | D:9      | Reached skill level 14 in Stealth
 13808 | D:9      | Found a roughly hewn altar of Beogh.
 13808 | D:9      | Found a staircase to the Orcish Mines.
 13849 | D:10     | Entered Level 10 of the Dungeon
 14009 | D:10     | Reached skill level 10 in Short Blades
 14052 | D:10     | Noticed an unseen horror
 14077 | D:10     | Killed an unseen horror
 14929 | D:10     | Noticed a centaur warrior
 14987 | D:10     | Killed a centaur warrior
 14987 | D:10     | Reached skill level 15 in Stealth
 15149 | D:11     | Found Tarhelao's Jewellery Boutique.
 15236 | D:11     | Noticed a two-headed ogre
 15243 | D:11     | Killed a two-headed ogre
 15243 | D:11     | Reached XP level 11. HP: 89/89 MP: 11/11
 15621 | D:11     | Noticed an unseen horror
 16282 | D:11     | Found Bykoluri's Antique Weapon Emporium.
 16354 | D:10     | Killed an unseen horror
 16835 | D:11     | Found Ibusioqi's Antique Weapon Boutique.
 16936 | D:11     | Reached skill level 16 in Stealth
 16951 | D:11     | Reached ***** piety under Uskayaw
 17476 | D:11     | Found Nafedakk's Antique Armour Shop.
 17580 | D:11     | Found Jeasip's Food Emporium.
 17826 | D:10     | Reached skill level 10 in Fighting
 17945 | Lair:1   | Entered Level 1 of the Lair of Beasts
 18021 | Lair:1   | Found a frozen archway.
 18058 | Lair:1   | Reached ****** piety under Uskayaw
 18075 | IceCv    | Entered an ice cave
 20692 | IceCv    | Reached skill level 1 in Invocations
 20696 | IceCv    | Reached skill level 17 in Stealth
 20856 | IceCv    | Reached XP level 12. HP: 35/99 MP: 13/13
 22416 | IceCv    | Noticed a death yak
 22439 | IceCv    | Killed a death yak
 23073 | IceCv    | Noticed a frost giant
 24468 | Lair:1   | Reached skill level 18 in Stealth
 25428 | Lair:2   | Found a staircase to the Shoals.
 25452 | Lair:2   | Noticed Fannar
 25479 | Lair:2   | Killed Fannar
 26189 | Lair:3   | Found a staircase to the Snake Pit.
 26196 | Lair:3   | Reached skill level 5 in Invocations
 26285 | Lair:3   | Found a dark tunnel.
 26288 | Lair:3   | Got a scorched war axe
 26295 | Volcano  | Entered a volcano
 26297 | Volcano  | Identified the cursed +1 war axe of World Downfall {flame,
                  | rElec rC+} (You found it on level 3 of the Lair of Beasts)
 26349 | Volcano  | Got a faintly humming ring mail
 26369 | Volcano  | Identified the +4 ring mail "Roarept" {rPois rN+ Dex-5}
                  | (You found it in a volcano)
 26865 | Lair:3   | Noticed a six-headed hydra
 26869 | Lair:3   | Reached skill level 1 in Shields
 26874 | Lair:3   | Killed a six-headed hydra
 27571 | Lair:3   | Reached XP level 13. HP: 87/107 MP: 17/17
 28205 | Lair:3   | Reached skill level 19 in Stealth
 33096 | Lair:4   | Got a twisted spear
 33097 | Lair:4   | Identified the +3 spear "Conservator" {flame, SInv} (You
                  | found it on level 4 of the Lair of Beasts)
 33225 | Lair:3   | Found a staircase to the Snake Pit.
 33945 | Lair:3   | Found a staircase to the Snake Pit.
 36028 | Lair:5   | Noticed Snorg
 36035 | Lair:5   | Killed Snorg
 36195 | Lair:5   | Reached skill level 5 in Shields
 36198 | Lair:5   | Reached skill level 20 in Stealth
 36319 | Lair:5   | You fall through a shaft!
 36319 | Lair:6   | Entered Level 6 of the Lair of Beasts
 36322 | Lair:6   | Found a staircase to the Slime Pits.
 36886 | Lair:6   | Reached XP level 14. HP: 115/116 MP: 19/19
 37442 | Lair:6   | Found a runed gate.
 37549 | Lair:6   | Found a runed gate.
 37549 | Lair:6   | Found a runed gate.
 37593 | Lair:6   | Noticed Jaiteiro's ghost (journeyman GnFi)
 39817 | Lair:5   | Noticed a storm dragon
 39817 | Lair:5   | a six-headed hydra changed into a storm dragon
 41976 | D:9      | Found Yczas's Magic Scroll Shoppe.
 42068 | D:9      | Identified a scroll of acquirement
 42607 | D:9      | Found an iron altar of Okawaru.
 42679 | Orc:1    | Entered Level 1 of the Orcish Mines
 42711 | D:9      | HP: 5/116 [orc warrior/flail (6)]
 48654 | Orc:2    | Entered Level 2 of the Orcish Mines
 49388 | Orc:2    | Found a staircase to the Elven Halls.
 50080 | Orc:2    | Found Qyposhri's Antique Armour Emporium.
 50139 | Orc:2    | Found an ancient bone altar of Kikubaaqudgha.
 50140 | Orc:2    | Noticed Nergalle
 50165 | Orc:2    | Killed Nergalle
 50210 | Orc:2    | Found a roughly hewn altar of Beogh.
 50210 | Orc:2    | Found Yvvaruj's Book Shoppe.
 50298 | Orc:2    | Reached skill level 5 in Dodging
 50300 | Orc:2    | Found a radiant altar of Vehumet.
 50304 | Orc:2    | Found Xyxizimupp's Book Emporium.
 50311 | Orc:2    | Found Adiblubb's Distillery.
 50365 | Orc:2    | Bought a potion of heal wounds for 55 gold pieces
 50365 | Orc:2    | Bought a potion of heal wounds for 55 gold pieces
 50365 | Orc:2    | Bought a potion of heal wounds for 55 gold pieces
 50536 | Orc:2    | Bought a smoking helmet for 161 gold pieces
 50546 | Orc:2    | Identified the +0 helmet of Contentment {rPois Dex+2} (You
                  | bought it in a shop on level 2 of the Orcish Mines)
 51982 | D:12     | Found an ancient bone altar of Kikubaaqudgha.
 53364 | D:13     | Found Ceus's Antique Armour Boutique.
 53381 | D:13     | Bought a pair of spiked gloves for 323 gold pieces
 53392 | D:13     | Identified the +0 pair of gloves of Ymairust {rPois rN+ MR+
                  | rCorr} (You bought it in a shop on level 13 of the Dungeon)
 53497 | D:13     | Found Fenif's Magic Scroll Boutique.
 53516 | D:13     | Bought a scroll of blinking for 120 gold pieces
 53516 | D:13     | Bought a scroll of fear for 56 gold pieces
 53516 | D:13     | Bought a scroll of blinking for 120 gold pieces
 53626 | D:13     | Reached XP level 15. HP: 124/124 MP: 21/21
 53679 | D:13     | Found Zokhly's Book Boutique.
 54257 | D:14     | Found Jycyhick's General Store.
 54881 | D:14     | Found a bloodstained altar of Trog.
 54910 | D:14     | Found Xaceitwa's Food Shop.
 55003 | D:14     | Found Emaxkapt's Armour Shoppe.
 55242 | D:15     | Entered Level 15 of the Dungeon
 55860 | D:15     | Found a basalt altar of Yredelemnul.
 56118 | D:15     | Noticed Nessos
 56143 | D:15     | Killed Nessos
 56647 | D:15     | Found a staircase to the Depths.
 58804 | Lair:6   | Found a burning altar of Makhleb.
 58917 | Lair:6   | Reached skill level 10 in Dodging
 59376 | Snake:1  | Entered Level 1 of the Snake Pit
 60100 | Snake:1  | Reached skill level 1 in Evocations
 65088 | Snake:1  | Reached XP level 16. HP: 127/133 MP: 22/22
 65164 | Snake:1  | Reached skill level 10 in Shields
 65817 | Snake:2  | Reached skill level 1 in Armour
 68261 | Snake:2  | Found Rihops's Distillery.
 68304 | Snake:2  | Found Ufocen's Magic Scroll Emporium.
 68913 | Snake:2  | Bought a potion of agility for 48 gold pieces
 68913 | Snake:2  | Bought a potion of agility for 48 gold pieces
 68913 | Snake:2  | Bought a potion of might for 48 gold pieces
 68913 | Snake:2  | Bought a potion of heal wounds for 60 gold pieces
 68913 | Snake:2  | Bought 2 potions of might for 96 gold pieces
 68913 | Snake:2  | Bought a potion of curing for 36 gold pieces
 68940 | Snake:2  | Noticed Roxanne
 69526 | Snake:2  | Reached skill level 5 in Evocations
 71788 | Snake:3  | Reached skill level 15 in Fighting
 72090 | Snake:3  | Reached skill level 5 in Armour
 73229 | Snake:3  | Noticed Saint Roka
 73275 | Snake:3  | Killed Saint Roka
 73846 | Snake:4  | Entered Level 4 of the Snake Pit
 74379 | Snake:4  | Reached XP level 17. HP: 144/144 MP: 23/23
 74565 | Snake:4  | Identified Ufot's Grimoire of the Helpful Glacier
 74570 | Snake:4  | Learned a level 2 spell: Blink
 74573 | Snake:4  | Learned a level 2 spell: Ensorcelled Hibernation
 76666 | Snake:4  | HP: 2/146 [nagaraja/orb of energy (38)]
 76666 | Snake:4  | Slain by a nagaraja

Skill      XL: |  1  2  3  4  5  6  7  8  9 10 11 12 13 14 15 16 17 |
---------------+----------------------------------------------------+-----
Stealth        | 6 7 8 10 11 13 15 17 18 20 | 20.6
Fighting       | 2 3 4 5 6 8 9 10 11 12 13 14 16 | 16.7
Short Blades   | 3 4 5 6 7 9 11 12 | 12.0
Invocations    | 2 5 7 8 |  8.6
Shields        | 1 5 7 9 10 | 10.0
Dodging        | 6 10 11 | 11.4
Evocations     | 2 5 |  5.0
Armour         | 5 |  5.0
Throwing       | |  1.5

Action                   |  1- 3 |  4- 6 |  7- 9 | 10-12 | 13-15 | 16-18 || total
-------------------------+-------+-------+-------+-------+-------+-------++-------
Melee: Dagger            |   116 |   140 |   237 |   160 |       |       ||   653
       Bite              |     6 |    10 |    33 |   105 |   301 |   207 ||   662
       Unarmed           |       |       |     6 |       |     2 |       ||     8
       Short sword       |       |       |    58 |   596 |   573 |       ||  1227
       Quick blade       |       |       |       |       |  1651 |  1322 ||  2973
 Fire: Blowgun           |     8 |     5 |       |    27 |   155 |    81 ||   276
Throw: Stone             |     1 |     2 |       |     2 |     7 |    14 ||    26
       Throwing net      |       |       |       |       |       |     1 ||     1
Invok: Grand Finale      |       |       |       |     1 |       |     1 ||     2
       Stomp             |       |       |       |       |    13 |     3 ||    16
 Abil: Bat Form          |     5 |     7 |     4 |     6 |    51 |     6 ||    79
       End Transformatio |     5 |     6 |     5 |     6 |    51 |     6 ||    79
Evoke: Wand              |       |     9 |    40 |    24 |   119 |       ||   192
       Phial of floods   |       |       |       |     1 |     1 |       ||     2
       Lamp of fire      |       |       |       |     1 |       |       ||     1
  Use: Potion            |     2 |     8 |     2 |    24 |    60 |    13 ||   109
       Scroll            |       |     6 |     6 |    12 |    22 |       ||    46
 Stab: Sleeping          |     9 |     5 |    39 |    50 |    91 |    20 ||   214
       Confused          |       |     1 |       |     1 |       |       ||     2
       Paralysed         |       |       |     5 |    38 |    80 |    49 ||   172
       Distracted        |       |       |     2 |     4 |     6 |     4 ||    16
       Petrifying        |       |       |       |     1 |       |       ||     1
       Held in net/web   |       |       |       |       |       |     2 ||     2
  Eat: Corpse            |       |       |       |       |     2 |       ||     2
Armor: Robe              |    24 |    16 |    17 |       |       |       ||    57
       Leather armour    |       |       |    38 |   185 |   280 |    71 ||   574
Dodge: Dodged            |    62 |    63 |   109 |   276 |   491 |   278 ||  1279
Block: Shield            |       |       |       |     7 |   749 |   429 ||  1185
